 Dungeon Crawl Stone Soup version 0.23-a0-290-g290e36d (webtiles) character file.

41 varaam the Chopper (level 3, -1/29 HPs)
             Began as a Demonspawn Berserker on Oct 2, 2018.
             Was a Believer of Trog.
             Slain by a worm (10 damage)
             ... on level 2 of the Dungeon on Oct 3, 2018.
             The game lasted 00:02:38 (1287 turns).

varaam the Chopper (Demonspawn Berserker)           Turns: 1287, Time: 00:02:40

Health: -1/29      AC:  2    Str: 17    XL:     3   Next: 32%
Magic:  3/3        EV: 12    Int:  8    God:    Trog [**....]
Gold:   74         SH:  0    Dex: 13    Spells: 2/2 levels left

rFire    . . .     SeeInvis .   a - +0 hand axe
rCold    . . .     Gourm    .   (no shield)
rNeg     . . .     Faith    .   b - +0 animal skin
rPois    .         Spirit   .   (no helmet)
rElec    .         Reflect  .   (no cloak)
rCorr    .         Harm     .   (no gloves)
MR       .....                  (no boots)
Stlth    +.........             (no amulet)
HPRegen  0.09/turn              (no ring)
MPRegen  0.08/turn              (no ring)

@: no status effects
A: talons 1
a: Berserk, Trog's Hand, Renounce Religion


You were on level 2 of the Dungeon.
You worshipped Trog.
Trog was pleased with you.
You were not hungry.

You visited 1 branch of the dungeon, and saw 2 of its levels.

You collected 74 gold pieces.

Inventory:

Hand Weapons
 a - a +0 hand axe (weapon)
Missiles
 Q - 62 stones (quivered)
Armour
 b - a +0 animal skin (worn)
 j - a scarf of repulsion
Jewellery
 d - a cursed ring of wizardry {unknown}
Scrolls
 e - 2 scrolls of teleportation {unknown}
 h - 3 scrolls of identify {unknown}
 i - a scroll of enchant weapon {unknown}
Potions
 f - a potion of resistance {unknown}
Comestibles
 c - 4 rations
 g - 3 chunks of flesh


   Skills:
 - Level 3.0 Fighting
 + Level 4.0 Axes
 - Level 1.7 Armour
 - Level 1.7 Dodging


You had 2 spell levels left.
You didn't know any spells.
Your spell library was empty.

Dungeon Overview and Level Annotations

Branches:
Dungeon (2/15)

Altars:


Innate Abilities, Weirdness & Mutations

You have sharp toenails.


Message History

The worm misses you.
You hit the worm. The worm bites you!
You take 9 damage, and have 20/29 hp.
MASSIVE DAMAGE!!
Unknown command.
You slash the worm! You claw the worm. You hit the bat but do no damage.
The bat completely misses you.
You barely miss the worm. The bat hits you but does no damage.
The worm bites you!
* * * LOW HITPOINT WARNING * * *
You take 11 damage, and have 9/29 hp.
MASSIVE DAMAGE!!
You are too injured to fight recklessly!
You are too injured to fight recklessly!
You are too injured to fight recklessly!
You are too injured to fight recklessly!
You are too injured to fight recklessly!
You hit the worm but do no damage. The bat closely misses you.
The worm bites you!
You die...

....##.#.# ##...#.#..
...#...#### ...#......#
...#......######### ###
...+......'...#...##...#
...#......###......)....
...#.<....# #....b...r..
.÷.#......# ##..@.......
....÷.....# #...w......
..........# #..?.......
.....###### #..........
##...# ####.#####+ #...#
.# #..># .# #...# ..
#...#


You could see a worm, a bat and a rat (sleeping).

Vault maps used:
D:1:      dpeg_arrival_pits, serial_bayou_pond_a, minmay_lizard_pond
D:2:      nicolae_ru_awakened_eye

Notes
Turn   | Place    | Note
-------+----------+-------------------------------------------
     0 | D:1      | varaam the Demonspawn Berserker began the quest for the
                  | Orb.
     0 | D:1      | Reached XP level 1. HP: 18/18 MP: 1/1
    37 | D:1      | Reached skill level 3 in Axes
   219 | D:1      | Gained mutation: You have sharp toenails. [demonic
                  | ancestry]
   219 | D:1      | Reached XP level 2. HP: 24/24 MP: 2/2
   353 | D:1      | HP: 5/24 [kobold/short sword (4)]
   622 | D:1      | Upgraded the game from 0.23-a0-275-g0cf4261 to
                  | 0.23-a0-290-g290e36d
   905 | D:1      | Reached ** piety under Trog
   905 | D:1      | Reached XP level 3. HP: 25/29 MP: 3/3
  1110 | D:2      | Reached skill level 4 in Axes
  1287 | D:2      | Slain by a worm

Table legend:
 A = Turns spent in this place as a percentage of turns spent in the entire game.
 B = Non-inter-level travel turns spent in this place as a percentage of non-inter-level travel turns spent in the entire game.
 C = Inter-level travel turns spent in this place as a percentage of turns spent in this place.
 D = Turns resting spent in this place as a percentage of non-inter-level travel turns spent in this place.
 E = Turns spent auto-exploring this place as a percentage of non-inter-level travel turns spent in this place.
 F = Non-inter-level travel turns spent in this place divided by the number of levels of this place that you've seen.
                   A       B       C       D       E      F
               +-------+-------+-------+-------+-------+----------------------
         Total | 100.0 | 100.0 |   2.7 |   0.3 |  82.1 | 626.0
       Dungeon | 100.0 | 100.0 |   2.7 |   0.3 |  82.1 | 626.0
               +-------+-------+-------+-------+-------+----------------------

Table legend:
 A = Kills in this place as a percentage of kills in entire the game.
 B = Kills by you in this place as a percentage of kills by you in the entire game.
 C = Kills by friends in this place as a percentage of kills by friends in the entire game.
 D = Other kills in this place as a percentage of other kills in the entire game.
 E = Experience gained in this place as a percentage of experience gained in the entire game.
 F = Experience gained in this place divided by the number of levels of this place that you have seen.
                   A       B       C       D       E      F
               +-------+-------+-------+-------+-------+----------------------
         Total | 100.0 | 100.0 |   N/A |   N/A | 100.0 |  29.5
       Dungeon | 100.0 | 100.0 |   N/A |   N/A | 100.0 |  29.5
               +-------+-------+-------+-------+-------+----------------------

Skill      XL: |  1  2  3 |
---------------+----------+-----
Axes           | 3 4 |  4.0
Fighting       | |  3.0
Armour         | |  1.7
Dodging        | |  1.7

Action                   || total
-------------------------++-------
Melee: Hand axe          ||    93
       Kick              ||     7
 Stab: Sleeping          ||     2
  Eat: Chunk             ||     1
Armor: Animal skin       ||    26
Dodge: Dodged            ||    59

Vanquished Creatures
  An adder (D:2)
  An ooze (D:1)
  A dart slug (D:1)
  A ball python (D:1)
  4 bats
  2 giant cockroaches (D:1)
  A goblin (D:1)
  3 hobgoblins (D:1)
  7 frilled lizards (D:1)
  3 kobolds (D:1)
  4 rats
28 creatures vanquished.
